Map: Para Site LE

Players

SALTKING

  • Race: Terran Terran
  • League: Master
  • Spawn Location: 5:00

A.I. 2 (Very Easy) - Winner!

  • Race: Zerg Zerg
  • Spawn Location: 11:00

VOD

Have the link to the VOD?

Description

Time

  • Played on: Jan. 8, 2019, 12:14 p.m.
  • Length: 9:41
Show
View Real Time Build Order
Export as new Build Order

SALTKING Terran 

Build Orders: Gas First Reaper Expand, Hellion Opening 

Get SALT Encoding   

  12  0:00  SCV  
  13  0:12  SCV  
  14  0:16  Supply Depot  
  14  0:25  SCV  
  15  0:31  Refinery  
  15  0:38  SCV  
  16  0:44  Barracks  
  16  0:50  SCV  
  17  1:02  SCV  
  18  1:14  SCV  
  19  1:31  Reaper, Orbital Command  
  20  1:41  Command Center  
  20  1:52  Factory  
  20  1:56  SCV  
  21  2:06  Refinery  
  21  2:08  SCV  
  21  2:09  Barracks Reactor  
  21  2:14  Supply Depot  
  22  2:20  SCV  
  23  2:36  SCV  
  24  2:41  Factory  
  24  2:48  SCV  
  24  2:50  Hellion x2  
  29  2:53  Orbital Command  
  29  2:56  Barracks Reactor  
  29  2:58  Barracks Tech Lab  
  29  3:03  SCV  
  30  3:14  Hellion x2  
  30  3:15  SCV  
  36  3:20  SCV  
  36  3:27  SCV  
  36  3:32  SCV  
  38  3:34  Supply Depot  
  38  3:35  Hellion  
  38  3:38  Cyclone  
  38  3:39  Hellion  
  38  3:40  SCV  
  46  3:47  Supply Depot  
  46  3:55  SCV x2  
  46  3:58  Hellion  
  46  4:01  Hellion  
  52  4:03  Armory  
  52  4:08  SCV  
  53  4:10  Cyclone  
  53  4:11  SCV  
  53  4:14  Mag-Field Accelerator  
  57  4:21  Supply Depot  
  57  4:23  SCV  
  58  4:24  Supply Depot  
  58  4:26  SCV  
  58  4:29  Hellion  
  61  4:36  SCV  
  61  4:37  Supply Depot  
  62  4:43  Cyclone  
  62  4:44  SCV  
  66  4:54  Command Center  
  66  5:05  SCV  
  66  5:06  SCV  
  68  5:08  Refinery  
  68  5:09  Refinery, Barracks Tech Lab  
  68  5:13  Factory  
  68  5:15  Armory  
  68  5:18  Terran Vehicle And Ship Armor Level 1  
  68  5:19  Hellion  
  68  5:21  Hellion  
  72  5:22  SCV  
  72  5:24  SCV  
  74  5:34  SCV  
  75  5:37  Cyclone  
  75  5:38  SCV  
  75  5:42  Hellion x2  
  83  5:46  SCV  
  83  5:47  Supply Depot  
  84  5:56  SCV  
  85  6:00  Barracks Tech Lab  
  85  6:01  SCV  
  86  6:06  Hellion x2  
  86  6:08  SCV  
  86  6:11  Cyclone  
  94  6:12  Cyclone  
  94  6:14  SCV  
  94  6:16  Supply Depot  
  98  6:24  SCV  
  98  6:25  Factory  
  99  6:26  SCV  
  99  6:27  Factory  
  99  6:28  Barracks Tech Lab, Hellion x2  
  99  6:31  Infernal Pre-Igniter  
  104  6:35  Orbital Command  
  104  6:36  SCV  
  104  6:38  SCV  
  106  6:43  Terran Vehicle Weapons Level 1  
  106  6:48  SCV  
  106  6:50  Refinery  
  106  6:51  Cyclone  
  106  6:53  Refinery, Hellion x2  
  114  6:56  Supply Depot  
  114  7:00  SCV  
  114  7:01  SCV, Supply Depot  
  116  7:03  SCV  
  116  7:06  Supply Depot  
  117  7:18  Cyclone, SCV x2  
  117  7:19  SCV  
  117  7:22  Hellion  
  127  7:23  Hellion  
  127  7:24  Cyclone  
  127  7:25  Cyclone  
  133  7:32  Supply Depot x2  
  133  7:34  Cyclone  
  133  7:36  SCV x2  
  139  7:37  SCV  
  139  7:47  Hellion  
  141  7:53  Cyclone  
  141  7:54  Hellion  
  141  7:55  SCV x2  
  141  7:56  SCV, Cyclone  
  152  8:00  Supply Depot  
  152  8:01  Cyclone  
  152  8:02  Supply Depot  
  152  8:04  Supply Depot  
  155  8:13  Hellion  
  157  8:22  Cyclone  
  157  8:24  Hellion  
  157  8:26  Cyclone, Supply Depot  
  165  8:27  Supply Depot  
  165  8:28  Cyclone, Supply Depot  
  165  8:33  Starport  
  168  8:34  Cyclone, Engineering Bay  
  168  8:38  Hellion  
  173  8:44  Barracks Tech Lab  
  173  8:50  Starport  
  173  8:52  Starport  
  173  8:53  Hellion  
  173  8:54  Cyclone  
  178  8:58  Cyclone  
  178  8:59  Hellion  
  178  9:01  Cyclone  
  186  9:06  Cyclone  
  186  9:08  Starport Tech Lab  
  189  9:14  Hellion  
  189  9:15  Fusion Core  
Show
View Real Time Build Order
Export as new Build Order

A.I. 2 (Very Easy) Zerg - Winner!

Build Orders: Pool First 

Get SALT Encoding   

  12  0:01  Drone  
  13  0:12  Overlord  
  13  0:16  Drone  
  14  0:34  Spawning Pool  
  13  0:37  Drone  
  13  0:41  Extractor  
  13  0:44  Drone  
  14  0:52  Overlord  
  14  1:21  Zergling x2  
  14  1:22  Queen  
  17  1:31  Roach Warren  
  16  1:33  Drone  
  16  1:37  Extractor  
  16  1:41  Drone  
  17  1:49  Zergling x2  
  18  1:59  Drone  
  19  2:06  Drone  
  20  2:16  Zergling x2, Drone  
  22  2:26  Overlord  
  22  2:29  Drone  
  23  2:36  Drone  
  24  2:43  Drone, Roach  
  27  6:38  Zergling x2  
  27  7:15  Lair, Overlord, Drone  
  28  7:20  Hatchery  
  28  7:22  Drone  
  28  7:29  Drone  
  29  7:36  Drone  
  30  7:42  Zergling x2  
  26  8:15  Overseer  
  26  8:16  Overseer  
  26  8:17  Spire  
  25  8:34  Drone  
  26  8:40  Zergling x2, Extractor  
  26  8:41  Drone  
  26  8:43  Extractor  
  26  8:44  Overseer  
  26  8:48  Drone  
  27  8:55  Drone  
  27  9:03  Drone  
  27  9:09  Zergling x2  
  28  9:10  Drone  
  29  9:17  Drone  
  29  9:19  Overlord  
  27  9:24  Drone  
Tags
 
Add a new tag
Caveats
  • Supply blocks, unpowered buildings, or Contaminate may cause inaccurate times.
  • Supply counts are checked every 10 seconds.